 Dungeon Crawl Stone Soup version 0.31.0-11-ge490571c62 (webtiles) character file.

Game seed: 1527122862419704015

119 qw the Shooter (level 4, -4/22 HPs)
             Began as a Spriggan Hunter on Feb 4, 2024.
             Killed by nerve-wracking pain
             ... invoked by Grinder
              (14 damage)
             ... on level 3 of the Dungeon.
             The game lasted 00:00:07 (1939 turns).

qw the Shooter (Spriggan Hunter)                    Turns: 1939, Time: 00:00:08

Health: -4/22      AC:  2    Str:  7    XL:     4   Next: 74%
Magic:  5/5        EV: 20    Int: 10    God:
Gold:   162        SH:  0    Dex: 20    Spells: 3/3 levels left

rFire   . . .        a - +0 shortbow
rCold   . . .        (shield currently unavailable)
rNeg    . . .        c - +0 robe
rPois   .            (helmet restricted)
rElec   .            (no cloak)
rCorr   .            (gloves unavailable)
SInv    +            (boots unavailable)
Will    .....        (no amulet)
Stlth   ++           (no ring)
HPRegen 0.23/turn    (no ring)
MPRegen 0.09/turn

%: no passive effects
@: very quick
A: very small, no large weapons, unfitting armour, see invisible, speed 3
a: no special abilities


You were on level 3 of the Dungeon.
You visited 1 branch of the dungeon, and saw 3 of its levels.

You collected 162 gold pieces.


Innate Abilities, Weirdness & Mutations

You are very small and have problems with some larger weapons.
You are too small for most types of armour.
You have supernaturally acute eyesight. (SInv)
You cover ground extremely quickly. (Speed+++)


   Skills:
 + Level 1.6 Fighting
 - Level 5.2 Ranged Weapons
 - Level 5.0 Dodging
 - Level 1.5 Stealth


You had 3 spell levels left.
You didn't know any spells.
Your spell library was empty.

Inventory:

Hand Weapons
 a - a +0 shortbow (weapon)
Armour
 c - a +0 robe (worn)
Scrolls
 b - a scroll of identify
 d - a scroll of teleportation
 e - a scroll of enchant weapon {unknown}

Dungeon Overview and Level Annotations

Branches:
Dungeon (3/15)

Altars:
Wu Jian

Shops:
D:1 =

Annotations:
D:3 Grinder


Message History

HP restored.
Found a book of Dreams.
You see here a book of Dreams.
You shoot an arrow. The arrow barely misses Grinder.
Grinder shouts!
You shoot an arrow. The arrow closely misses Grinder.
You shoot an arrow. The arrow hits Grinder.
Grinder is lightly wounded.
Grinder says, "Wait up."
You shoot an arrow. The arrow closely misses Grinder.
Grinder gestures at you.
You struggle to resist.
You shoot an arrow. The arrow hits Grinder.
Grinder is lightly wounded.
You shoot an arrow. The arrow hits Grinder!
Grinder is heavily wounded.
Grinder blinks!
You shoot an arrow. The arrow hits Grinder.
Grinder is heavily wounded.
You shoot an arrow. The arrow hits Grinder.
Grinder is heavily wounded.
You shoot an arrow. The arrow closely misses Grinder.
You shoot an arrow. The arrow closely misses Grinder.
Grinder gestures at you. You resist with some effort.
You shoot an arrow. The arrow closely misses Grinder.
Grinder barely misses you.
You shoot an arrow. The arrow hits Grinder.
Grinder is heavily wounded.
Grinder misses you. Grinder completely misses you.
You shoot an arrow. The arrow hits Grinder.
Grinder is severely wounded.
Grinder hits you.
You writhe in agony.
You shoot an arrow. The arrow hits Grinder!
Grinder is almost dead.
Grinder gestures at you. Pain shoots through your body!
Ouch! That really hurt!
You die...
Grinder says, "Now the real fun starts!"

### ###########.## ..#
#...:5@....... ..#
#.#########.## ..# ##.#
#.####### ..# ##..#
#o....... ..#######..##
#...).... ............#
#........ ............#
#)#
............#########.#
(..................##.#


You could see Grinder.

Vanquished Creatures
  Terence (D:2)
  A gnoll (D:1)
  An adder (D:2)
  2 dart slugs (D:1)
  2 orcs (D:3)
  2 endoplasms (D:1)
  A giant cockroach (D:1)
  8 goblins
  4 hobgoblins
  10 jackals
  5 quokkas
  12 ball pythons
  4 bats (D:1)
  2 frilled lizards
  3 kobolds
  5 rats
63 creatures vanquished.

Notes
Turn   | Place    | Note
-------+----------+-------------------------------------------
     0 | D:1      | qw the Spriggan Hunter began the quest for the Orb.
     0 | D:1      | Reached XP level 1. HP: 10/10 MP: 2/2
     0 | D:1      | 0 ||| qw: Version: 0.3-a-160-g6735b56
     0 | D:1      | 0 ||| qw: Game counter: 5098
     0 | D:1      | 0 ||| qw: Melee chars always use a shield: true
     0 | D:1      | 0 ||| qw: God list: Okawaru
     0 | D:1      | 0 ||| qw: Allow faded altars: false
     0 | D:1      | 0 ||| qw: Do Orc after clearing Dungeon:15 true
     0 | D:1      | 0 ||| qw: Do second Lair branch before Depths: true
     0 | D:1      | 0 ||| qw: Lair rune preference: random
     0 | D:1      | 0 ||| qw: Goals: Normal
     0 | D:1      | 0 ||| PLANNING D:1-11
    19 | D:1      | Reached skill level 3 in Dodging
    62 | D:1      | Reached XP level 2. HP: 14/14 MP: 3/3
   258 | D:1      | Reached XP level 3. HP: 18/18 MP: 4/4
   284 | D:1      | Found Zoceqow's Jewellery Emporium.
   290 | D:1      | 290 ||| SHOPLISTING +6 ring of dexterity (360 gold, have
                  | 33).
   290 | D:1      | 290 ||| SHOPLISTING amulet of faith (400 gold, have 33).
   290 | D:1      | 290 ||| SHOPLISTING amulet of guardian spirit (300 gold,
                  | have 33).
   290 | D:1      | 290 ||| SHOPLISTING amulet of regeneration (300 gold, have
                  | 33).
   290 | D:1      | 290 ||| SHOPLISTING ring of poison resistance (200 gold,
                  | have 33).
   290 | D:1      | 290 ||| SHOPLISTING ring of resist corrosion (200 gold,
                  | have 33).
   720 | D:1      | 720 ||| READING scroll labelled EQUBEU ONANEO.
   721 | D:1      | 721 ||| READING scroll labelled ELIDUEQILE.
   722 | D:1      | 722 ||| DRINKING 2 sapphire potions.
   723 | D:1      | 723 ||| DROPPING scroll of butterflies.
   857 | D:2      | Found a faded altar of an unknown god.
   858 | D:2      | Noticed Terence
   863 | D:2      | HP: 3/18 [Terence/+1 heavy mace (15)]
   864 | D:2      | 864 ||| DRINKING potion of heal wounds.
   875 | D:2      | Killed Terence
   876 | D:2      | Reached XP level 4. HP: 8/22 MP: 5/5
   915 | D:2      | 915 ||| FLEEEEING.
   916 | D:2      | 916 ||| FLEEEEING.
  1317 | D:2      | Found an ornate altar of the Wu Jian Council.
  1451 | D:2      | Identified the +11 short sword of Echulafo {flame, ^Contam
                  | rC+ rCorr Int+3}
  1641 | D:2      | 1641 ||| READING 2 scrolls labelled JOSIGA NEZAGG.
  1641 | D:2      | 1641 ||| IDENTIFYING scroll labelled ITIAMMISET
  1821 | D:3      | HP: 4/22 [orc/iceblast (9)]
  1822 | D:3      | 1822 ||| READING 2 scrolls of teleportation.
  1823 | D:3      | Noticed Grinder
  1824 | D:3      | 1824 ||| FLEEEEING.
  1825 | D:3      | 1825 ||| FLEEEEING.
  1826 | D:3      | 1826 ||| FLEEEEING.
  1827 | D:3      | 1827 ||| FLEEEEING.
  1939 | D:3      | Killed from afar by Grinder

Levels and vault maps discovered:
D:1:      amcnicky_arrival_blooded_trapdoor, layout_basic, serial_shops,
          nicolae_shop_temple_entry_statues_fountains
D:2:      layout_loops_corners, dreamdust_ecumenical_altar_grove, basic_altar,
          uniq_terence
D:3:      layout_basic, uniq_grinder

Skill      XL: |  1  2  3  4 |
---------------+-------------+-----
Dodging        | 4 5 |  5.0
Ranged Weapons | 5 |  5.2
Fighting       | |  1.6
Stealth        | |  1.5

Action                     |  1- 3 |  4- 6 || total
---------------------------+-------+-------++-------
   Fire: Shortbow          |    95 |   107 ||   202
    Use: Scroll            |     2 |     2 ||     4
         Potion            |     2 |       ||     2
 Armour: Robe              |     6 |    16 ||    22
  Dodge: Dodged            |    19 |    49 ||    68

Table legend:
 A = Non-vault XP
 B = Vault XP
 C = Vault XP percentage of total XP
 D = Non-vault monster count
 E = Vault monster count
 F = Vault count percentage of total count
                 A         B        C        D         E       F
            +---------+---------+-------+---------+---------+-------
      Total |     133 |      38 |  22.2 |      62 |       1 |   1.6
            +---------+---------+-------+---------+---------+-------
        D:1 |      72 |       0 |   0.0 |      33 |       0 |   0.0
        D:2 |      48 |      38 |  44.2 |      23 |       1 |   4.2
        D:3 |      13 |       0 |   0.0 |       6 |       0 |   0.0
            +---------+---------+-------+---------+---------+-------
